 Dungeon Crawl Stone Soup version 0.22-a0-456-g11ed031617 (webtiles) character file.

803 RedPan the Digger (level 7, -8/37 HPs)
             Began as a Gargoyle Earth Elementalist on June 6, 2018.
             Was an Initiate of Vehumet.
             Mangled by an ice beast (9 damage)
             ... on level 5 of the Dungeon.
             The game lasted 00:13:23 (5627 turns).

RedPan the Digger (Gargoyle Earth Elementalist)     Turns: 5627, Time: 00:13:23

Health: -8/37      AC:  9    Str: 14    XL:     7   Next: 91%
Magic:  0/13       EV: 12    Int: 23    God:    Vehumet [......]
Gold:   170        SH:  0    Dex: 10    Spells: 8/14 levels left

rFire    . . .     SeeInvis .   r - +0 dagger (venom)
rCold    . . .     Gourm    .   (no shield)
rNeg     + . .     Faith    .   c - +0 robe
rPois    ∞         Spirit   .   q - +0 helmet
rElec    +         Reflect  .   j - +0 cloak
rCorr    .         Harm     .   (no gloves)
MR       .....                  (no boots)
Stlth    ++........             (no amulet)
HPRegen  0.12/turn              f - +2 ring of strength
MPRegen  0.13/turn              a - +6 ring of intelligence

@: no status effects
A: negative energy resistance 1, electricity resistance, unbreathing,
petrification resistance, rot immunity, AC +4
a: Renounce Religion


You were on level 5 of the Dungeon.
You worshipped Vehumet.
Vehumet was noncommittal.
You were not hungry.

You visited 2 branches of the dungeon, and saw 6 of its levels.

You collected 170 gold pieces.

Inventory:

Hand Weapons
 i - a +1 short sword
 k - a +0 dagger
 r - a +0 dagger of venom (weapon)
Missiles
 b - 33 stones (quivered)
Armour
 c - a +0 robe (worn)
 j - a +0 cloak (worn)
 q - a +0 helmet (worn)
Jewellery
 a - a +6 ring of intelligence (right hand)
 f - a +2 ring of strength (left hand)
 o - an uncursed ring of resist corrosion
Wands
 n - a wand of random effects (16)
Scrolls
 g - 3 scrolls of identify
 h - a scroll of teleportation
 v - a scroll of fear {unknown}
 w - a scroll of immolation {unknown}
Potions
 e - a potion of cancellation {unknown}
 l - a potion of agility
 m - a potion of flight {unknown}
 p - a potion of haste
 s - 2 potions of might {unknown}
 t - a potion of curing {unknown}
Comestibles
 d - 9 rations


   Skills:
 + Level 0.6 Fighting
 + Level 3.4 Armour
 - Level 1.5 Dodging
 - Level 2.1 Stealth
 + Level 4.1 Spellcasting
 * Level 4.4 Conjurations
 + Level 1.1 Transmutations
 + Level 6.9 Earth Magic


You had 8 spell levels left.
You knew the following spells:

 Your Spells              Type           Power        Failure   Level  Hunger
a - Sandblast             Erth           #####.       1%          1    None
b - Passwall              Tmut/Erth      ###.....     3%          2    #......
c - Stone Arrow           Conj/Erth      ####..       3%          3    ##.....

Your spell library contained the following spells:

 Spells                   Type           Power        Failure   Level  Hunger
 Magic Dart               Conj           ####         1%          1    None
 Conjure Flame            Conj/Fire      ##......     12%         3    ##.....
 Slow                     Hex            #.......     16%         2    #......
 Mephitic Cloud           Conj/Pois/Air  ##......     17%         3    ##.....
 Blink                    Tloc           N/A          16%         2    #......
 Call Imp                 Summ           #.......     16%         2    #......
 Lee's Rapid Deconstruct  Erth           #####.....   16%         5    ######.
 Petrify                  Tmut/Erth      ###.....     19%         4    ####...


Dungeon Overview and Level Annotations

Branches:
Dungeon (5/15)             Temple (1/1) D:5

Altars:
Ashenzari
Dithmenos
Elyvilon
Gozag
Hepliaklqana
Kikubaaqudgha
Makhleb
Qazlal
Ru
Sif Muna
Trog
Uskayaw
Vehumet
Zin
The Shining One

Shops:
D:5 *


Innate Abilities, Weirdness & Mutations

You are resistant to torment.
Your stone body is resilient. (AC +4)
You are immune to poison.
You resist negative energy. (rN+)
You are resistant to electric shocks. (rElec)
You can survive without breathing.
You are immune to petrification.
You are immune to rotting.


Message History

Confirm with . or Enter, or press ? or * to list all spells.
Aiming: Sandblast (safe; 1% risk of failure)
Press: ? - help, Shift-Dir - straight line, f/p - ice beast
Aim: an ice beast (severely wounded)
The blast of sand hits the ice beast.
The ice beast is almost dead.
b - 33 stones The ice beast hits you.
* * * LOW HITPOINT WARNING * * *
The ice beast freezes you!
* * * LOW HITPOINT WARNING * * *
Your magical contamination has completely faded away.
Casting: Sandblast (safe; 1% risk of failure)
Confirm with . or Enter, or press ? or * to list all spells.
Aiming: Passwall (safe; 3% risk of failure)
Press: ? - help, Dir - move target cursor, p - ice beast The ice beast hits you.
* * * LOW HITPOINT WARNING * * *
The ice beast freezes you!
You die...

#...Y.(.# ##
#.....#)# #.
#.....#)# #.
#.#.#)#(# #.
#.o.Yo#.# #. #..
..#.# ##. #.
.#.#.# #.. #.
...#Y# #.. #@# #..
#.# #.. #.# #..
#.# ##. #.# ## #.#
# #.######### ###
# #.........#
##.###
###.#####.###...#.


You could see an ice beast.

Vanquished Creatures
  An ice beast (D:5)
  A phantom (D:5)
  An ogre (D:4)
  A crimson imp (D:5)
  A bullfrog zombie (D:5)
  2 hounds
  An orc priest (D:4)
  Terence (D:2)
  2 orc wizards
  A worker ant (D:4)
  A hound skeleton (D:4)
  Robin (D:2)
  6 adders
  7 gnolls
  2 shadow imps
  2 oozes (D:3)
  2 worms (D:2)
  A dart slug (D:1)
  2 leopard geckos
  18 orcs
  8 bats
  3 giant cockroaches
  12 goblins
  6 hobgoblins
  2 jackals (D:5)
  A ball python (D:2)
  6 frilled lizards
  12 kobolds
  A leopard gecko skeleton (D:4)
  A quokka skeleton (D:4)
  7 rats
113 creatures vanquished.

Notes
Turn   | Place    | Note
-------+----------+-------------------------------------------
     0 | D:1      | RedPan the Gargoyle Earth Elementalist began the quest for the Orb.
     0 | D:1      | Reached XP level 1. HP: 10/10 MP: 3/3
     0 | D:1      | Noticed a centaur
    11 | D:1      | Noticed a troll
    13 | D:1      | Noticed a dwarf
    15 | D:1      | Noticed a gargoyle
   192 | D:1      | Reached skill level 4 in Earth Magic
   243 | D:1      | Reached XP level 2. HP: 15/15 MP: 3/5
   686 | D:1      | Learned a level 2 spell: Passwall
  1006 | D:1      | Reached XP level 3. HP: 19/19 MP: 2/6
  1466 | D:2      | Noticed Terence
  1473 | D:2      | Killed Terence
  1473 | D:2      | Reached skill level 5 in Earth Magic
  1473 | D:2      | Reached XP level 4. HP: 24/24 MP: 2/8
  2026 | D:2      | Noticed Robin
  2031 | D:2      | Killed Robin
  2173 | D:2      | Learned a level 3 spell: Stone Arrow
  2662 | D:2      | Reached skill level 1 in Armour
  2662 | D:2      | Reached XP level 5. HP: 13/28 MP: 4/9
  3068 | D:3      | Found a shattered altar of Ashenzari.
  3160 | D:3      | Reached skill level 6 in Earth Magic
  3190 | D:3      | Found an opulent altar of Gozag.
  3196 | D:3      | Reached skill level 1 in Conjurations
  3489 | D:3      | You fall through a shaft!
  3708 | D:4      | Reached XP level 6. HP: 18/32 MP: 6/10
  4614 | D:4      | Found a sacrificial altar of Ru.
  4733 | D:4      | Reached XP level 7. HP: 35/36 MP: 12/12
  4927 | D:5      | Entered Level 5 of the Dungeon
  4957 | D:5      | Found a shadowy altar of Dithmenos.
  5126 | D:5      | Found a staircase to the Ecumenical Temple.
  5136 | Temple   | Entered the Ecumenical Temple
  5337 | Temple   | Became a worshipper of Vehumet
  5453 | D:5      | Found Zin's Purification Station.
  5474 | D:5      | Found a glowing silver altar of Zin.
  5614 | D:5      | Reached skill level 1 in Transmutations
  5627 | D:5      | HP: 1/37 [ice beast (2)]
  5627 | D:5      | Mangled by an ice beast

Vault maps used:
D:1:      shiori_arrival_whats_in_store_for_you, minmay_tree_intersection,
          hangedman_abyss_or_decor_lesser_grid, minmay_cupped
D:2:      uniq_robin, uniq_terence
D:3:      nicolae_overflow_hidden_temple, kennysheep_nub, ashenzari_altar_1
D:4:      nicolae_ru_great_annihilating_truth, grunt_decor_cap
D:5:      grunt_dithmenos_shadows, zin_purify, lemuel_temple_firewalk_b,
          first_ration, columned_hall_lemuel, sigmund_army
Temple:   minmay_temple_curvy_loop

Skill      XL: |  1  2  3  4  5  6  7 |
---------------+----------------------+-----
Earth Magic    | 4 5 6 |  6.9
Armour         | 1 2 3 |  3.4
Spellcasting   | 3 4 |  4.1
Conjurations   | 1 3 4 |  4.4
Transmutations | 1 |  1.1
Fighting       | |  0.6
Dodging        | |  1.5
Stealth        | |  2.1

Action                   |  1- 3 |  4- 6 |  7- 9 || total
-------------------------+-------+-------+-------++-------
Melee: Unarmed           |     2 |       |       ||     2
       Dagger            |     2 |    86 |    54 ||   142
       Short sword       |       |    43 |       ||    43
 Cast: Sandblast         |    47 |    69 |    29 ||   145
       Passwall          |       |       |     1 ||     1
  Use: Scroll            |       |     6 |     1 ||     7
 Stab: Sleeping          |     2 |     1 |     1 ||     4
       Paralysed         |       |     1 |       ||     1
  Eat: Chunk             |     2 |    10 |     3 ||    15
Armor: Robe              |    11 |    72 |    25 ||   108
Dodge: Dodged            |    19 |    95 |    30 ||   144

Table legend:
 A = Spawn XP
 B = Non-spawn XP
 C = Spawn XP percentage of total XP
 D = Spawn monster count
 E = Non-spawn monster count
 F = Spawn count percentage of total count
 G = Total turns spent on level
                    A         B        C        D         E        F      G
               +---------+---------+-------+---------+---------+-------+---------
         Total |       0 |    1148 |   0.0 |       0 |     113 |   0.0 |  5627
               +---------+---------+-------+---------+---------+-------+---------
           D:1 |       0 |      35 |   0.0 |       0 |      21 |   0.0 |  1155
           D:2 |       0 |     163 |   0.0 |       0 |      33 |   0.0 |  1807
           D:3 |       0 |      65 |   0.0 |       0 |      18 |   0.0 |   527
           D:4 |       0 |     428 |   0.0 |       0 |      29 |   0.0 |  1438
           D:5 |       0 |     457 |   0.0 |       0 |      12 |   0.0 |   469
               +---------+---------+-------+---------+---------+-------+---------
